 Dungeon Crawl Stone Soup version 0.23.2-1-ga50397a6bc (webtiles) character file.

Game seed: 306541924604836608

65 Gargoyl the Skirmisher (level 3, -6/31 HPs)
             Began as a Centaur Abyssal Knight on May 15, 2019.
             Was a Follower of Lugonu.
             Splashed by a jelly's acid (8 damage)
             ... on level 2 of the Dungeon.
             The game lasted 00:02:53 (1597 turns).

Gargoyl the Skirmisher (Centaur Abyssal Knight)     Turns: 1597, Time: 00:02:53

Health: -6/31      AC:  0    Str: 14    XL:     3   Next: 92%
Magic:  4/4        EV:  7    Int: 11    God:    Lugonu [*.....]
Gold:   28         SH:  0    Dex: 12    Spells: 2/2 levels left

rFire    . . .     SeeInvis .   a - +1 hand axe
rCold    . . .     Gourm    .   (no shield)
rNeg     . . .     Faith    .   d - +0 scale mail
rPois    +         Spirit   .   (no helmet)
rElec    .         Reflect  .   f - +0 cloak
rCorr    .         Harm     .   h - +0 pair of gloves
MR       .....                  (no barding)
Stlth    ..........             (no amulet)
HPRegen  0.10/turn              b - ring of poison resistance
MPRegen  0.09/turn              j - +3 ring of dexterity

@: corroded, very quick
A: large, hooves 3, deformed body, speed 2, tough skin 3
a: Depart the Abyss, Renounce Religion


You were on level 2 of the Dungeon.
You worshipped Lugonu.
Lugonu was aware of your devotion.
You were not hungry.

You visited 1 branch of the dungeon, and saw 2 of its levels.
You visited the Abyss 1 time.

You collected 28 gold pieces.

Inventory:

Hand Weapons
 a - a +1 hand axe (weapon)
Armour
 d - a +0 scale mail (worn)
 f - a +0 cloak (worn)
 h - a +0 pair of gloves (worn)
Jewellery
 b - a ring of poison resistance (left hand)
 j - a +3 ring of dexterity (right hand)
Scrolls
 e - 2 scrolls of identify
 g - a scroll of enchant armour
 m - a scroll of fear {unknown}
Potions
 i - a potion of curing
 k - a potion of agility {unknown}
 l - a potion of degeneration {unknown}
 o - a potion of heal wounds {unknown}
Comestibles
 c - 4 rations
 n - a chunk of flesh


   Skills:
 + Level 3.4 Fighting
 + Level 2.2 Axes
 * Level 2.1 Armour
 * Level 1.1 Dodging
 * Level 2.5 Invocations


You had 2 spell levels left.
You didn't know any spells.
Your spell library was empty.

Dungeon Overview and Level Annotations

Branches:
Dungeon (2/15)

Altars:
Xom


Innate Abilities, Weirdness & Mutations

You have hooves in place of feet.
Armour fits poorly on your strangely shaped body.
You cover ground very quickly.
You have extremely tough skin. (AC +3)


Message History

The jelly hits you but does no damage.
You hit the jelly. The acid corrodes you!
Your hands burn!
You kick the jelly.
The jelly is moderately wounded.
The jelly hits you but does no damage.
You hit the jelly but do no damage. The acid corrodes you!
Your hands burn!
You kick the jelly, but do no damage.
The jelly is moderately wounded.
The jelly closely misses you.
You hit the jelly but do no damage.
Your hands burn!
You kick the jelly.
The jelly is moderately wounded.
The jelly hits you.
You are splashed with acid!
* * * LOW HITPOINT WARNING * * *
You hit the jelly but do no damage.
Your hands burn!
* * * LOW HITPOINT WARNING * * *
Your kick misses the jelly.
The jelly is moderately wounded.
The jelly hits you.
* * * LOW HITPOINT WARNING * * *
You are splashed with acid!
You die...

##...###.# #.#.#.# #............
#.......# #####.# #####.......#
##.###### ....### ###.....# #.#
._... ##..... ##'## .....# ##.###
##...## +##+# #.# #.....## #.#
###.# .......###+##+##J## ##.#.#
#
................@.########....###
........+.......................'
........##........#######.......#
.....<.####.......# ####.#.#.#.#
#.....## ####.#### #.....##รท#.#
##...## #. #..<..##.#.# ##+## #.
#........... #. #........8..
#..>....8_8.


You could see a jelly.

Vanquished Creatures
  An adder (D:2)
  A worm (D:2)
  A dart slug (D:1)
  3 leopard geckos (D:1)
  4 giant cockroaches
  7 goblins
  5 hobgoblins
  4 jackals (D:1)
  4 kobolds
  6 bats
  3 frilled lizards (D:1)
  4 rats (D:1)
43 creatures vanquished.

Notes
Turn   | Place    | Note
-------+----------+-------------------------------------------
     0 | Abyss:1  | Gargoyl the Centaur Abyssal Knight began the quest for the
                  | Orb.
     0 | Abyss:1  | Reached XP level 1. HP: 19/19 MP: 2/2
   139 | Abyss:1  | Noticed a thrashing horror
   142 | Abyss:1  | Noticed a golden eye
   144 | D:1      | Escaped the Abyss
   198 | D:1      | Reached XP level 2. HP: 12/26 MP: 3/3
   511 | D:1      | Reached * piety under Lugonu
   511 | D:1      | Reached skill level 1 in Dodging
   783 | D:1      | Reached XP level 3. HP: 28/31 MP: 4/4
  1119 | D:2      | Found a shimmering altar of Xom.
  1427 | D:2      | Found a faded altar of an unknown god.
  1597 | D:2      | Splashed by a jelly's acid

Skill      XL: |  1  2  3 |
---------------+----------+-----
Dodging        | 1 |  1.1
Axes           | 2 |  2.2
Armour         | 2 |  2.1
Fighting       | |  3.4
Invocations    | |  2.5

Action                   || total
-------------------------++-------
Melee: Hand axe          ||    89
       Kick              ||    17
Invok: Depart the Abyss  ||     1
  Use: Potion            ||     1
       Scroll            ||     5
  Eat: Chunk             ||     1
Armor: Ring mail         ||    11
       Scale mail        ||    87
Dodge: Dodged            ||    62
